 Dungeon Crawl Stone Soup version 0.17.0-26-gececa24 (webtiles) character file.

237 MDvedh the Ruffian (level 6, 0/47 (48) HPs)
             Began as a Ghoul Skald on Nov 19, 2015.
             Slain by a phantom (7 damage)
             ... on level 4 of the Dungeon.
             The game lasted 00:05:00 (2135 turns).

MDvedh the Ruffian (Ghoul Skald)                    Turns: 2135, Time: 00:05:00

HP:   0/47 (48)     AC:  5    Str: 16    XL:     6   Next: 6%
MP:   7/7           EV: 11    Int:  7    God:
Gold: 139           SH:  0    Dex: 10    Spells: 1 memorised, 7 levels left

rFire  . . .     SeeInvis .       - Unarmed
rCold  + . .     Clarity  .     a - +0 leather armour
rNeg   + + +     SustAt   .     (no shield)
rPois  ∞         Gourm    .     (no helmet)
rElec  .         Spirit   .     l - +0 cloak
rCorr  .         Warding  .     (no gloves)
rMut   .         Stasis   .     r - +0 pair of boots
MR     .....                    (no amulet)
Stlth  ++........               (no ring)
                                q - ring of stealth

@: rotting, not resistant to hostile enchantments, unstealthy
A: rotting body, claws 1, carnivore 3, cold resistance 1, negative energy
resistance 3, slow regeneration 1, torment resistance, unbreathing
a: no special abilities


You were on level 4 of the Dungeon.
You were not hungry.

You visited 1 branch of the dungeon, and saw 4 of its levels.

You collected 139 gold pieces.

Inventory:

Armour
 a - a +0 leather armour (worn)
 l - a +0 cloak (worn)
 r - a +0 pair of boots (worn)
Jewellery
 q - a ring of stealth (left claw)
Scrolls
 d - a scroll of amnesia {unknown}
 e - 2 scrolls of blinking {unknown}
 i - 8 scrolls of identify {unknown}
 j - 2 scrolls of enchant armour {unknown}
 k - 2 scrolls of enchant weapon {unknown}
 n - 2 scrolls of remove curse {unknown}
Potions
 g - 2 potions of curing {unknown}
 h - 2 potions of agility {unknown}
 p - a potion of ambrosia {unknown}
Books
 b - a book of Battle

   Spells                             Type                      Level
   a - Infusion                       Charms                       1
   b - Shroud of Golubria             Charms/Translocation         2
   c - Song of Slaying                Charms                       2
   d - Spectral Weapon                Hexes/Charms                 3
   e - Regeneration                   Charms/Necromancy            3
Comestibles
 c - 3 meat rations
 f - a slice of pizza
 m - 2 beef jerkies


   Skills:
 - Level 2.1 Fighting
 - Level 0.8 Armour
 - Level 0.8 Dodging
 + Level 6.7 Unarmed Combat
 - Level 1.7 Spellcasting
 - Level 2.6 Charms


You had 7 spell levels left.
You knew the following spells:

 Your Spells              Type           Power        Failure   Level  Hunger
a - Infusion              Chrm           #.....       17%         1    ##.....


Dungeon Overview and Level Annotations

Branches:
Dungeon (4/15)
 Temple: D:4-7

Altars:
Sif Muna


Innate Abilities, Weirdness & Mutations

Your body is rotting away.
You thrive on raw meat.
You are immune to poison.
You have sharp fingernails.
You are carnivorous and can eat meat at any time.
Your flesh is cold resistant.
You are immune to negative energy.
You regenerate slowly when monsters are visible.
You are immune to unholy pain and torment.
You can survive without breathing.


Message History

Unknown command.
The phantom closely misses you.
There is an open door here.
Unknown command.
The phantom blinks!
The phantom blinks!
You scratch the phantom.
The phantom is almost destroyed.
You scratch the phantom.
The phantom is almost destroyed.
The phantom hits you but does no damage.
You closely miss the phantom.
The phantom is almost destroyed.
The phantom blinks!
Items here: )) [ ÷ a dagger of venom; a scale mail; a hand axe; an orc skeleton You scratch the phantom.
The phantom is almost destroyed.
The phantom hits you!
You die...

######## #......#
####§####.#
#.......#.#
#.♣♣.♣♣W#.#
###.♣.♣.♣.#.#
#.'..♣♣♣..)@##
#.#.♣.♣[♣.#W.#
####.#.♣♣.♣♣.#.<#
#....#.......#..#
###..####+####..#
<.....W....?.
####
####...W....[
#.........
#.........


You could see a phantom.

Vanquished Creatures
  2 orc priests
  An orc wizard (D:3)
  2 worker ants (D:4)
  4 adders
  2 worms (D:2)
  9 orcs
  3 bats
  7 goblins
  3 hobgoblins
  4 kobolds (D:1)
  A quokka (D:3)
  3 giant cockroaches
  4 giant newts
  6 jackals
  A quokka skeleton (D:4)
  10 rats
62 creatures vanquished.

Notes
Turn   | Place    | Note
--------------------------------------------------------------
     0 | D:1      | MDvedh the Ghoul Skald began the quest for the Orb.
     0 | D:1      | Reached XP level 1. HP: 17/17 MP: 2/2
   100 | D:1      | Reached skill level 3 in Unarmed Combat
   100 | D:1      | Reached XP level 2. HP: 21/24 MP: 3/3
   647 | D:2      | Reached XP level 3. HP: 27/29 MP: 4/4
   772 | D:2      | Reached skill level 4 in Unarmed Combat
  1135 | D:3      | Found a deep blue altar of Sif Muna.
  1292 | D:3      | Reached XP level 4. HP: 18/36 MP: 5/5
  1350 | D:3      | Reached skill level 5 in Unarmed Combat
  1735 | D:4      | Reached XP level 5. HP: 33/41 MP: 6/6
  1990 | D:4      | Reached skill level 6 in Unarmed Combat
  2034 | D:4      | Noticed a phantom
  2039 | D:4      | Reached XP level 6. HP: 43/48 MP: 7/7
  2065 | D:4      | Noticed a phantom
  2135 | D:4      | Slain by a phantom

Action                   |  1- 3 |  4- 6 || total
-------------------------+-------+-------++-------
Melee: Unarmed           |   121 |   111 ||   232
  Eat: Chunk             |    16 |    16 ||    32
